 Dungeon Crawl Stone Soup version 0.27.1-3-gb3d3a73c9e (console) character file.

Game seed: 3138391432999015680

392 toffzen the Ducker (level 6, -2/33 HPs)
             Began as a Spriggan Berserker on Oct 13, 2021.
             Was a Believer of Trog.
             Slain by a wight (7 damage)
             ... on level 4 of the Dungeon.
             The game lasted 00:07:14 (3866 turns).

toffzen the Ducker (Spriggan Berserker)             Turns: 3866, Time: 00:07:15

Health: -2/33      AC:  3    Str: 14    XL:     6   Next: 51%
Magic:  7/7        EV: 19    Int:  9    God:    Trog [**....]
Gold:   132        SH:  0    Dex: 15    Spells: 5/5 levels left

rFire    . . .     SeeInvis +   a - +0 spear
rCold    . . .     Faith    .   (shield restricted)
rNeg     . . .     Spirit   .   b - +0 animal skin
rPois    .         Reflect  .   (helmet restricted)
rElec    .         Harm     .   m - +0 cloak
rCorr    .         Rampage  .   (gloves unavailable)
Will     +....                  (boots unavailable)
Stlth    +.........             (no amulet)
HPRegen  0.11/turn              (no ring)
MPRegen  0.10/turn              (no ring)

@: on berserk cooldown, slowed, quick
A: very small, no large weapons, unfitting armour, see invisible, speed 3
a: Renounce Religion, Berserk, Trog's Hand


You were on level 4 of the Dungeon.
You worshipped Trog.
Trog was pleased with you.
You visited 1 branch of the dungeon, and saw 4 of its levels.

You collected 132 gold pieces.

Inventory:

Hand Weapons
 a - a +0 spear (weapon)
Missiles
 d - 173 stones (quivered)
 r - 8 poisoned darts
Armour
 b - a +0 animal skin (worn)
 m - a +0 cloak (worn)
Scrolls
 c - a scroll of fear {unknown}
 g - a scroll of fog {unknown}
 h - a scroll of vulnerability {unknown}
 i - a scroll of identify {unknown}
 k - a scroll of noise
 l - a scroll of torment {unknown}
 q - a scroll of enchant weapon {unknown}
Potions
 e - a potion of curing {unknown}
 f - a potion of degeneration {unknown}
 j - a potion of lignification {unknown}
 n - a potion of mutation {unknown}
 o - a potion of flight {unknown}
 p - a potion of brilliance {unknown}


   Skills:
 + Level 3.7 Fighting
 * Level 4.2 Polearms
 + Level 5.9 Dodging


You had 5 spell levels left.
You didn't know any spells.
Your spell library was empty.

Dungeon Overview and Level Annotations

Branches:
Dungeon (4/15)
 Temple: D:4-7

Altars:
Trog

Shops:
D:1 ?   D:2 (


Innate Abilities, Weirdness & Mutations

You are very small and have problems with some larger weapons.
You are too small for most types of armour.
You have supernaturally acute eyesight. (SInv)
You cover ground extremely quickly. (Speed+++)


Message History

The wight is severely damaged.
The wight barely misses you.
You barely miss the wight.
The wight is severely damaged.
The wight misses you.
You closely miss the wight.
The wight is severely damaged.
You hit the wight.
The wight is severely damaged.
The wight hits you with a +4 flail of freezing!
* * * LOW HITPOINT WARNING * * *
The wight freezes you.
* * * LOW HITPOINT WARNING * * *
Unknown command.
You feel a strong urge to attack something.
You are no longer berserk.
You are exhausted.
You feel yourself slow down.
Okay, then.
Press: ? - help, v - describe, . - travel
Here: a wight, wielding a +4 flail of freezing and wearing a +0 robe (severely damaged)
The floor.
Unknown command.
Reach: a) +0 spear
Press: ? - help, Dir - move target, f - you, p - wight That would be overly suicidal.
Okay, then.
Okay, then.
Unknown command.
Press: ? - help, v - describe, . - travel
Here: a wight, wielding a +0 long sword and wearing a +0 robe The floor.
Unknown command.
Reach: a) +0 spear
Press: ? - help, Dir - move target, f - wight
Aim: a wight, wielding a +4 flail of freezing and wearing a +0 robe (severely damaged, about 36% to evade your +0 spear)
You reach to attack!
You hit the wight but do no damage.
The wight is severely damaged.
The wight hits you with a +4 flail of freezing!
You die...

# #z# #.# .# #)#
#.# .#
######.###.# ##
#......z...#
#.####.....#
#####.# #z# #z#
#@# #.# #.# #.#
################.#
.................#
##################


You could see 2 wights.

Vanquished Creatures
  A kobold brigand (D:3)
  A wight (D:4)
  A howler monkey (D:4)
  Crazy Yiuf (D:2)
  2 orc wizards (D:3)
  Robin (D:3)
  3 gnolls (D:3)
  5 adders
  3 worms
  4 orcs
  2 ball pythons
  7 bats
  4 endoplasms
  4 giant cockroaches
  9 goblins
  13 hobgoblins
  3 quokkas
  6 frilled lizards
  5 kobolds
  5 rats
80 creatures vanquished.

Vanquished Creatures (others)
  2 fungi (D:2)
2 creatures vanquished.

Grand Total: 82 creatures vanquished

Notes
Turn   | Place    | Note
-------+----------+-------------------------------------------
     0 | D:1      | toffzen the Spriggan Berserker began the quest for the Orb.
     0 | D:1      | Reached XP level 1. HP: 11/11 MP: 2/2
    29 | D:1      | Found a faded altar of an unknown god.
   169 | D:1      | Reached XP level 2. HP: 16/16 MP: 3/3
   255 | D:1      | Found Xiar's Magic Scroll Shop.
   689 | D:2      | Reached ** piety under Trog
   733 | D:2      | Found Otiress's Antique Weapon Shoppe.
   747 | D:2      | Reached XP level 3. HP: 19/19 MP: 4/4
  1668 | D:2      | Found a runed translucent door.
  1669 | D:2      | Noticed Crazy Yiuf
  1681 | D:2      | Killed Crazy Yiuf
  1682 | D:2      | Reached XP level 4. HP: 24/24 MP: 5/5
  2336 | D:3      | Reached skill level 5 in Dodging
  2345 | D:3      | Reached XP level 5. HP: 28/28 MP: 6/6
  2910 | D:3      | Noticed Robin
  3005 | D:3      | Reached *** piety under Trog
  3014 | D:3      | Killed Robin
  3244 | D:3      | Found a bloodstained altar of Trog.
  3313 | D:3      | Reached XP level 6. HP: 28/32 MP: 7/7
  3866 | D:4      | Slain by a wight

Illustrated notes

Levels and vault maps discovered:
D:1:      mrwooster_arrival_arrow, layout_rooms, ebering_ecumenical_altar_ruins,
          serial_shops, nicolae_shop_stone, minmay_surrounded
D:2:      layout_basic, serial_shops, shop, uniq_crazy_yiuf_cottage
D:3:      layout_basic, lemuel_coloured_pillars_altar, uniq_robin
D:4:      layout_loops_ring, uniq_menkaure

Skill      XL: |  1  2  3  4  5 |
---------------+----------------+-----
Polearms       | 3 4 |  4.2
Fighting       | 3 |  3.7
Dodging        | 5 |  5.9

Action                   |  1- 3 |  4- 6 || total
-------------------------+-------+-------++-------
Melee: Spear             |    97 |   181 ||   278
Invok: Berserk           |    10 |    11 ||    21
  Use: Scroll            |       |     1 ||     1
 Stab: Sleeping          |     3 |     2 ||     5
Armor: Animal skin       |     3 |    12 ||    15
Dodge: Dodged            |    37 |    72 ||   109
